 Seeded DCSS version 0.29.1-15-g9cfb28693d (webtiles) character file.

Game seed: 16245865983455551772 (custom seed)

451 Darius099 the Sneak (level 7, -13/46 HPs)
             Began as an Octopode Brigand on Mar 8, 2023.
             Mangled by an ogre
             ... wielding a +0 giant club
              (34 damage)
             ... on level 4 of the Dungeon.
             The game lasted 00:09:34 (3757 turns).

Darius099 the Sneak (Octopode Brigand)              Turns: 3757, Time: 00:09:35

Health: -13/46     AC:  1    Str: 10    XL:     7   Next: 4%
Magic:  7/7        EV: 14    Int: 26    God:
Gold:   604        SH:  0    Dex: 18    Spells: 6/6 levels left

rFire   . . .      SeeInvis .   a - +2 dagger
rCold   . . .      Faith    .   (no shield)
rNeg    . . .      Spirit   .   (helmet restricted)
rPois   .          Reflect  .   p - amulet of regeneration
rElec   .          Harm     .   h - +6 ring of intelligence
rCorr   +          Rampage  .   i - +6 ring of intelligence
Will    .....                   r - ring of Elojot {rCorr Dex+3}
Stlth   +++++.....              (no ring)
HPRegen 0.95/turn               (no ring)
MPRegen 0.10/turn               (no ring)
                                (no ring)
                                (no ring)

@: studying 2 skills
A: almost no armour, amphibious, 8 rings, camouflage 1, gelatinous body 1,
(nimble swimmer 1), tentacles
a: no special abilities


You were on level 4 of the Dungeon.
You visited 1 branch of the dungeon, and saw 4 of its levels.

You collected 1003 gold pieces.
You spent 399 gold pieces at shops.

Inventory:

Hand Weapons
 a - a +2 dagger (weapon)
Missiles
 b - 15 poisoned darts (quivered)
 c - 3 curare-tipped darts
Armour
 s - a +0 kite shield
Jewellery
 h - a +6 ring of intelligence (left tentacle)
 i - a +6 ring of intelligence (right tentacle)
 p - an amulet of regeneration (around mantle)
 r - the ring of Elojot (on tentacle) {rCorr Dex+3}
   (You bought it in a shop on level 4 of the Dungeon)

   [ring of resist corrosion]

   Dex:       It affects your dexterity (+3).
   rCorr:     It protects you from acid and corrosion.
Wands
 n - a wand of roots (4)
Scrolls
 d - 3 scrolls of identify {unknown}
 g - 2 scrolls of teleportation {unknown}
 k - a scroll of enchant weapon {unknown}
 l - a scroll of summoning {unknown}
 m - a scroll of noise {unknown}
 o - a scroll of immolation {unknown}
 u - a scroll of silence {unknown}
Potions
 e - a potion of might {unknown}
 f - 2 potions of flight {unknown}
 j - a potion of lignification {unknown}
 q - a potion of berserk rage {unknown}
 t - a potion of heal wounds {unknown}


   Skills:
 - Level 3.0 Fighting
 + Level 4.9 Short Blades
 - Level 3.0 Throwing
 - Level 2.4 Dodging
 + Level 7.2 Stealth
 + Level 4.1 Shields


You had 6 spell levels left.
You didn't know any spells.
Your spell library contained the following spells:

 Spells                   Type           Power      Damage    Failure   Level
 Sting                    Tmut/Pois      0%         1d3       13%         1
 Poisonous Vapours        Pois/Air       0%         N/A       19%         2
 Confusing Touch          Hex            0%         N/A       36%         3
 Olgreb's Toxic Radiance  Pois           0%         N/A       77%         4
 Yara's Violent Unravell  Hex/Tmut       0%         3d3       98%         5
 Enfeeble                 Hex            0%         N/A       100%        7
 Chain Lightning          Conj/Air       0%         N/A       100%        9
 Fire Storm               Conj/Fire      0%         5d1       100%        9
 Shatter                  Erth           0%         3d5*      100%        9


Dungeon Overview and Level Annotations

Branches:
Dungeon (4/15)
 Temple: D:4-7

Altars:
Cheibriados
Makhleb

Shops:
D:3 [   D:4 *[


Innate Abilities, Weirdness & Mutations

You cannot wear most types of armour.
You are amphibious.
You can wear up to eight rings at the same time.
Your skin changes colour to match your surroundings (Stealth+).
Your rubbery body absorbs attacks. (AC +1, EV +1)
((You are camouflaged when in or above water. (Stealth+)))
You have tentacles for arms and can constrict up to eight enemies at once.


Message History

A hound skeleton and a necrophage come into view.
Found a burning altar of Makhleb.
The helpless hound skeleton fails to defend itself.
You stick the hound skeleton like a pincushion!!!
You destroy the hound skeleton!
The helpless necrophage fails to defend itself.
You spit the necrophage like a pig!!!
You destroy the necrophage!
Your Shields skill increases to level 4!
You have reached level 7!
You see here a necrophage corpse.
There is a burning altar of Makhleb here.
There is an empty arch of ancient stone here.
There is a burning altar of Makhleb here.
You see here a necrophage corpse.
An ogre is nearby!
The ogre misses you.
You hit the ogre. Your squeeze misses the ogre.
The ogre is lightly wounded.
You barely miss the ogre.
The ogre is lightly wounded.
The ogre barely misses you.
You hit the ogre. You squeeze the ogre!
The ogre is heavily wounded.
You hit the ogre.
The ogre is heavily wounded.
The ogre closely misses you.
You hit the ogre. You squeeze the ogre.
The ogre is severely wounded.
You hit the ogre. Your squeeze misses the ogre.
The ogre is severely wounded.
The ogre hits you with a +0 giant club!!
Ouch! That really hurt!
You hit the ogre.
The ogre is severely wounded.
You hit the ogre but do no damage. You squeeze the ogre.
The ogre is almost dead.
The ogre hits you with a +0 giant club!!
Ouch! That really hurt!
You die...

# ##... ##....#.........
####..# ##...#.....#...
#....#########.........#
............>.)........#.#
........###....###.......#
....#..## ##..###........#
.##..#.#####...........#..#
####..##...>.##.......###..
# #..##.#####..@..........
####....# #..O..######
....∩...## #.....#####
.....##..#####..........
.##..##)..#8.8.8....#...
.##.........⌠.⌠....#..# .#
....).....#8.∩.8.)...# .#
.##....>#...⌠.⌠....### ##<
........#..8.8.8...# #..


You could see an ogre.

Vanquished Creatures
  A necrophage (D:4)
  A scorpion (D:4)
  An orc priest (D:3)
  An iron imp (D:4)
  Jessica (D:2)
  An iguana (D:4)
  2 orc wizards (D:3)
  Natasha (thrice) (D:3)
  A hound skeleton (D:4)
  2 adders
  5 orcs (D:3)
  6 ball pythons
  3 bats
  7 endoplasms
  A giant cockroach (D:4)
  5 goblins
  8 hobgoblins
  4 quokkas
  3 frilled lizards
  5 kobolds
  7 rats
68 creatures vanquished.

Vanquished Creatures (others)
  A plant (D:3)
1 creature vanquished.

Grand Total: 69 creatures vanquished

Notes
Turn   | Place    | Note
-------+----------+-------------------------------------------
     0 | D:1      | Darius099 the Octopode Brigand began the quest for the Orb.
     0 | D:1      | Reached XP level 1. HP: 14/14 MP: 1/1
   353 | D:1      | Reached XP level 2. HP: 16/19 MP: 2/2
   496 | D:1      | Found a faded altar of an unknown god.
  1341 | D:1      | Reached XP level 3. HP: 24/24 MP: 3/3
  1365 | D:2      | Identified 3 scrolls of acquirement
  1365 | D:2      | Acquired a manual of Shields
  1481 | D:2      | Acquired 807 gold pieces
  1483 | D:2      | Acquired a manual of Short Blades
  1685 | D:2      | Noticed Jessica
  1689 | D:2      | Killed Jessica
  1690 | D:2      | Reached skill level 1 in Shields
  1690 | D:2      | Reached XP level 4. HP: 30/30 MP: 4/4
  2120 | D:3      | Reached skill level 6 in Stealth
  2121 | D:3      | Reached XP level 5. HP: 35/35 MP: 5/5
  2311 | D:3      | Found Ymmy Ciutu's Antique Armour Shoppe.
  2429 | D:3      | Noticed Natasha
  2435 | D:3      | Killed Natasha
  2674 | D:3      | Noticed Natasha
  2683 | D:3      | Killed Natasha
  2684 | D:3      | Reached XP level 6. HP: 21/42 MP: 6/6
  2736 | D:3      | Noticed Natasha
  2782 | D:3      | Killed Natasha
  3343 | D:4      | Found Gamycsypi's Antique Armour Boutique.
  3354 | D:4      | Found Tuuwolaw's General Store.
  3450 | D:4      | Bought the ring of Elojot {rCorr Dex+3} for 399 gold pieces
  3463 | D:4      | Found a snail-covered altar of Cheibriados.
  3617 | D:4      | Reached skill level 7 in Stealth
  3717 | D:4      | Found a burning altar of Makhleb.
  3724 | D:4      | Reached XP level 7. HP: 46/46 MP: 7/7
  3757 | D:4      | Mangled by an ogre

Illustrated notes

Levels and vault maps discovered:
D:1:      minmay_arrival_hallway, layout_loops_corners, basic_ecumenical_altar,
          minmay_unequal
D:2:      layout_loops_ring, uniq_jessica
D:3:      layout_basic, serial_shops, nicolae_shop_advertising_works
          [nicolae_subvault_shop_adworks], minmay_shallow_snake_nest,
          uniq_natasha
D:4:      layout_rooms, grunt_dithmenos_smoke_and_mirrors,
          makhleb_blood_cavern_becter, slow_altar_1, serial_shops,
          nicolae_square_shop, nicolae_shop_temple_entry_statues_fountains,
          kennysheep_mini_moat, chequers_serial_rivers_large_a,
          minmay_fractal_squares_gapless_5

Skill      XL: |  1  2  3  4  5  6 |
---------------+-------------------+-----
Shields        | 1 2 4 |  4.1
Dodging        | 2 |  2.4
Short Blades   | 3 4 |  4.9
Stealth        | 6 7 |  7.2
Throwing       | 3 |  3.0
Fighting       | 3 |  3.0

Action                   |  1- 3 |  4- 6 |  7- 9 || total
-------------------------+-------+-------+-------++-------
Melee: Dagger            |    44 |    94 |     8 ||   146
       Constrict         |    11 |    18 |       ||    29
       Tentacles         |     6 |    20 |     3 ||    29
       Punch             |     3 |     3 |       ||     6
  Use: Scroll            |     3 |       |       ||     3
 Stab: Sleeping          |    10 |    19 |       ||    29
Armor: Skin              |     3 |     5 |       ||     8
Dodge: Dodged            |    19 |    34 |     3 ||    56
